 Dungeon Sprint DCSS version 0.31-a0-960-g0fca184906 (webtiles) character file.

Game seed: 9267742191499767653

5094 sircluck the Grappler (level 10, -2/175 HPs)
             Began as a Troll Berserker on Oct 23, 2023.
             Was a High Priest of Trog.
             Slain by an ice devil (22 damage)
             ... in the Dungeon (Sprint VII: "The Pits").
             The game lasted 00:01:51 (681 turns).

sircluck the Grappler (Troll Berserker)              Turns: 681, Time: 00:01:52

Health: -2/175     AC:  4    Str: 29 (31) XL:     10   Next: 32%
Magic:  0/9        EV: 15    Int:  3      God:    Trog [*****.]
Gold:   0          SH:  0    Dex: 14 (15) Spells: 9/9 levels left

rFire   . .          .
                       - Unarmed
rCold   . . .        (no shield)
rNeg    . . .        a - +0 animal skin
rPois   .            (helmet restricted)
rElec   .            (no cloak)
rCorr   .            (gloves unavailable)
SInv    .            (boots unavailable)
Will    .....        (no amulet) Stlth
                     k - +3 ring of dexterity
HPRegen 1.29/turn    m - +3 ring of dexterity
MPRegen 0.11/turn

%: no teleportation
@: berserking, very quick
A: large, unfitting armour, claws 3, regeneration 1, shaggy fur 1, tough skin 1
a: Renounce Religion, Berserk, Trog's Hand, Brothers in Arms


You were in the Dungeon.
You worshipped Trog.
Trog was extremely pleased with you.
You visited 1 branch

Inventory:

Missiles
 n - 4 large rocks
Armour
 a - a +0 animal skin (worn)
Jewellery
 k - a +3 ring of dexterity (left claw)
 m - a +3 ring of dexterity (right claw)
Scrolls
 g - a scroll of blinking
 i - 2 scrolls of vulnerability
 j - a scroll of butterflies
Potions
 b - 10 potions of curing
 c - 6 potions of heal wounds
 d - a potion of haste
 e - 4 potions of magic
 f - 5 potions of berserk rage
 h - 2 potions of invisibility
 l - 2 potions of might


   Skills:
 + Level 12.5 Fighting
 + Level 12.3 Dodging
 + Level 14.5 Unarmed Combat


You had 9 spell levels left.
You didn't know any spells.
Your spell library was empty.

Dungeon Overview and Level Annotations

Branches:
Dungeon (1/1)

Altars:
Ashenzari
Cheibriados
Dithmenos
Elyvilon
Fedhas
Gozag
Hepliaklqana
Kikubaaqudgha
Makhleb
Nemelex Xobeh
Okawaru
Qazlal
Ru
Sif Muna
Trog
Uskayaw
Vehumet
Wu Jian
Xom
Yredelemnul
Zin
The Shining One
Jiyva
Lugonu


Innate Abilities, Weirdness & Mutations

You are too large for most types of armour.
You have claws for hands.
Your natural rate of healing is unusually fast.
You are covered in fur. (AC +1)
You have tough skin. (AC +1)


Message History

You mangle the jackal!!
You kill the jackal!
Trog accepts your kill. Trog grants you a weapon!
Something appears at your feet!
You see here a +2 dagger of flaming.
Something hits you. Something hits you!
You feel clumsy. Something stings you!
Unknown command.
A red film seems to cover your vision as you go berserk!
You feel yourself moving faster!
You feel mighty!
You feel you are being watched by something.
Something hits you. Something hits you! Something stings you.
You feel weakened.
You eviscerate something!!! Something hits you!
* * * LOW HITPOINT WARNING * * *
Something hits you!
* * * LOW HITPOINT WARNING * * *
Something stings you!
* * * LOW HITPOINT WARNING * * *
You feel dopey.
You claw something! x2
Unknown command.
You claw something! Trog accepts your kill.
Reactivating autopickup.
You feel a bit more experienced.
The ice devil hits you but does no damage.
You feel your strength returning.
You feel your intelligence returning.
You feel your dexterity returning.
Your Dodging skill increases to level 12!
Unknown command.
Unknown command.
You closely miss the ice devil. You barely miss the ice devil.
The ice devil barely misses you.
You barely miss the ice devil. Your claw misses the ice devil.
You closely miss the ice devil. The ice devil hits you!
* * * LOW HITPOINT WARNING * * *
The ice devil freezes you!!
You die...

#..# #..# #..#
####### #..#
..##..# #..#
..##..# #..#
..''..# #.4#
..''..##########@.#
..##......)...†...#
..##..............#
###################
+# #.## ##...##


You could see an ice devil.

Vanquished Creatures
  A ghost moth (D)
  A death yak (D)
  A deep elf zephyrmancer (D)
  An unseen horror (D)
  A red devil (D)
  A glass eye (D)
  A centaur (D)
  A gnoll sergeant (D)
  A necrophage (D)
  2 scorpions (D)
  2 orc wizards (D)
  A white imp (D)
  2 ufetubi (D)
  A worm (D)
  2 orcs (D)
  3 bat zombies (D)
  An endoplasm (D)
  A hobgoblin (D)
  10 jackals (D)
  A quokka (D)
  A ball python skeleton (D)
36 creatures vanquished.

Vanquished Creatures (collateral kills)
  A demonic crawler (D)
  A flayed ghost (D)
  An orc knight (D)
  A cyclops (D)
  A shadow (D)
  An orc warrior (D)
  An adder (D)
  2 orcs (D)
9 creatures vanquished.

Grand Total: 45 creatures vanquished

Notes
Turn   | Place    | Note
-------+----------+-------------------------------------------
     0 | D        | sircluck the Troll Berserker began the quest for the Orb.
     0 | D        | Reached XP level 1. HP: 22/22 MP: 0/0
    21 | D        | Found a bloodstained altar of Trog.
    21 | D        | Found a shimmering blue altar of Sif Muna.
    21 | D        | Found a viscous altar of Jiyva.
    21 | D        | Found a hazy altar of Hepliaklqana.
    21 | D        | Found an opulent altar of Gozag.
    22 | D        | Found a glowing golden altar of the Shining One.
    22 | D        | Found a glowing silver altar of Zin.
    22 | D        | Found a basalt altar of Yredelemnul.
    22 | D        | Found a shimmering altar of Xom.
    22 | D        | Found an ornate altar of the Wu Jian Council.
    22 | D        | Found a sacrificial altar of Ru.
    22 | D        | Found a stormy altar of Qazlal.
    22 | D        | Found an iron altar of Okawaru.
    22 | D        | Found a sparkling altar of Nemelex Xobeh.
    22 | D        | Found a burning altar of Makhleb.
    22 | D        | Found a blossoming altar of Fedhas.
    22 | D        | Found a white marble altar of Elyvilon.
    22 | D        | Found a shadowy altar of Dithmenos.
    22 | D        | Found a snail-covered altar of Cheibriados.
    24 | D        | Found a radiant altar of Vehumet.
    24 | D        | Found a corrupted altar of Lugonu.
    25 | D        | Found a hide-covered altar of Uskayaw.
    25 | D        | Found an ancient bone altar of Kikubaaqudgha.
    25 | D        | Found a broken altar of Ashenzari.
    69 | D        | Reached ** piety under Trog
    81 | D        | Reached XP level 2. HP: 20/31 MP: 1/1
    95 | D        | Noticed a scorpion
    96 | D        | Killed a scorpion
    96 | D        | Reached *** piety under Trog
    97 | D        | Reached skill level 5 in Unarmed Combat
    97 | D        | Reached XP level 3. HP: 26/40 MP: 2/2
    98 | D        | Reached XP level 4. HP: 33/49 MP: 3/3
   174 | D        | Noticed a glass eye
   175 | D        | Reached **** piety under Trog
   184 | D        | Reached skill level 5 in Fighting
   184 | D        | Reached skill level 6 in Unarmed Combat
   187 | D        | Reached skill level 5 in Dodging
   195 | D        | Killed a glass eye
   196 | D        | Reached skill level 7 in Unarmed Combat
   196 | D        | Reached XP level 5. HP: 38/61 MP: 4/4
   196 | D        | Reached XP level 6. HP: 42/68 MP: 5/5
   202 | D        | Reached ***** piety under Trog
   217 | D        | Reached skill level 8 in Unarmed Combat
   248 | D        | Received a gift from Trog
   259 | D        | Killed an unseen horror
   260 | D        | Reached skill level 9 in Unarmed Combat
   260 | D        | Reached XP level 7. HP: 55/80 MP: 6/6
   310 | D        | Noticed a red devil
   319 | D        | Killed a red devil
   320 | D        | Reached skill level 10 in Unarmed Combat
   536 | D        | Noticed a deep elf zephyrmancer
   536 | D        | Noticed a flayed ghost
   544 | D        | Reached XP level 8. HP: 92/92 MP: 7/7
   548 | D        | Killed a deep elf zephyrmancer
   548 | D        | Reached ****** piety under Trog
   548 | D        | Received a gift from Trog
   549 | D        | Reached skill level 11 in Unarmed Combat
   555 | D        | Noticed a cyclops
   557 | D        | Noticed an orc knight
   557 | D        | Noticed a demonic crawler
   561 | D        | Reached skill level 10 in Fighting
   561 | D        | Killed a demonic crawler
   562 | D        | Reached skill level 10 in Dodging
   562 | D        | Reached skill level 12 in Unarmed Combat
   562 | D        | Reached XP level 9. HP: 62/102 MP: 8/8
   562 | D        | Killed a flayed ghost
   564 | D        | Killed a cyclops
   564 | D        | Received a gift from Trog
   565 | D        | Reached skill level 13 in Unarmed Combat
   566 | D        | Killed an orc knight
   606 | D        | Noticed a death yak
   619 | D        | Killed a death yak
   620 | D        | Reached skill level 14 in Unarmed Combat
   620 | D        | Reached XP level 10. HP: 80/115 MP: 9/9
   673 | D        | Received a gift from Trog
   677 | D        | Killed a ghost moth
   681 | D        | Slain by an ice devil

Illustrated notes

Levels and vault maps discovered:
D:        pitsprint [storerooms_1, entrance_room_1, metal_vault_3, armoury_3,
          mini_pit_1, grid_room_1, main_hall_1, silver_pit, the_coven_1,
          the_vestibule_1, steel_vault_2, golden_pit, hallway_of_sentries,
          crystal_vault_4, iron_vault_3, final_vault]

Skill      XL: |  1  2  3  4  5  6  7  8  9 10 |
---------------+-------------------------------+-----
Fighting       | 3 4 6 8 9 10 12 | 12.5
Dodging        | 3 4 6 8 10 11 12 | 12.3
Unarmed Combat | 5 7 9 10 12 14 | 14.5

Action                     |  1- 3 |  4- 6 |  7- 9 | 10-12 || total
---------------------------+-------+-------+-------+-------++-------
  Melee: Unarmed           |    15 |    44 |    32 |    14 ||   105
         Punch             |     1 |     2 |     1 |     1 ||     5
 Invoke: Berserk           |       |     1 |     1 |     1 ||     3
         Brothers in Arms  |       |       |     2 |       ||     2
 Armour: Animal skin       |    17 |    32 |    11 |    19 ||    79
  Dodge: Dodged            |     8 |    10 |    19 |    13 ||    50

Table legend: (Time is in decaauts)
 A = Elapsed time spent in this place.
 B = Non-inter-level travel time spent in this place.
 C = Inter-level travel time spent in this place.
 D = Time resting spent in this place.
 E = Time spent auto-exploring this place.
 F = Levels seen in this place.
 G = Mean time per level.
                   A        B        C        D        E       F      G
               +--------+--------+--------+--------+--------+-----+--------+
         Total |    679 |    679 |      0 |    201 |    185 |   1 |  679.0 |
       Dungeon |    679 |    679 |      0 |    201 |    185 |   1 |  679.0 |
               +--------+--------+--------+--------+--------+-----+--------+

Top non-repeatable levels by time:
       D: 679 daAuts
